Map: Simulacrum LE

Players

SocialSend

  • Race: Protoss Protoss
  • League: Grandmaster
  • Spawn Location: 11:00

BewwyCwuncH - Winner!

  • Race: Terran Terran
  • League: Grandmaster
  • Spawn Location: 5:00

VOD

Have the link to the VOD?

Description

Time

  • Played on: Feb. 3, 2020, 2:17 a.m.
  • Length: 5:49
Show
View Real Time Build Order
Export as new Build Order

SocialSend Protoss 

Build Orders: Phoenix Opening 

Get SALT Encoding   

  12  0:01  Probe  
  13  0:13  Probe  
  14  0:24  Pylon  
  14  0:26  Probe  
  15  0:42  Probe (Chrono Boost)  
  16  0:46  Gateway  
  16  0:52  Assimilator  
  16  0:53  Probe (Chrono Boost)  
  17  0:58  Probe (Chrono Boost)  
  18  1:05  Pylon  
  18  1:08  Probe  
  19  1:15  Assimilator  
  19  1:20  Probe  
  20  1:32  Probe  
  20  1:33  Zealot  
  20  1:34  Cybernetics Core  
  22  1:45  Probe  
  23  1:57  Probe  
  24  2:07  Adept (Chrono Boost)  
  24  2:09  Probe  
  24  2:13  Stargate  
  27  2:27  Probe  
  28  2:33  Nexus  
  28  2:42  Pylon  
  28  2:50  Probe  
  29  2:58  Phoenix (Chrono Boost)  
  31  3:04  Probe  
  32  3:08  Robotics Facility  
  32  3:18  Probe  
  32  3:19  Phoenix (Chrono Boost)  
  35  3:31  Probe  
  36  3:38  Assimilator  
  36  3:43  Probe  
  36  3:46  Phoenix  
  36  3:48  Probe  
  40  3:55  Probe  
  40  3:58  Robotics Bay  
  41  4:08  Pylon  
  41  4:12  Immortal (Chrono Boost)  
  45  4:18  Probe  
  46  4:26  Probe  
  46  4:27  Shield Battery  
  46  4:30  Assimilator  
  47  4:35  Pylon  
  47  4:42  Phoenix  
  49  4:48  Disruptor  
  50  4:59  Probe  
  47  5:04  Probe  
  44  5:07  Phoenix  
  46  5:16  Probe x2  
  48  5:28  Probe  
  52  5:36  Probe  
Show
View Real Time Build Order
Export as new Build Order

BewwyCwuncH Terran - Winner!

Build Orders: Gas First Reaper Expand 

Get SALT Encoding   

  12  0:01  SCV  
  13  0:13  SCV  
  14  0:17  Supply Depot  
  14  0:25  SCV  
  15  0:31  Refinery  
  15  0:39  SCV  
  16  0:45  Barracks  
  16  0:51  SCV  
  17  1:03  SCV  
  18  1:16  SCV  
  19  1:33  Orbital Command, Reaper  
  20  1:47  Command Center  
  20  1:57  Factory  
  20  2:00  SCV  
  21  2:13  Barracks Reactor  
  21  2:14  SCV  
  22  2:19  Supply Depot, Refinery  
  22  2:26  SCV  
  23  2:40  Factory Tech Lab  
  23  2:41  SCV  
  24  2:52  Marine  
  24  2:53  SCV  
  24  2:54  Marine  
  27  3:03  Orbital Command  
  27  3:05  Cyclone  
  29  3:10  Marine  
  29  3:12  Marine  
  31  3:19  Starport  
  30  3:21  SCV, Orbital Command  
  31  3:27  Marine  
  31  3:29  Marine  
  33  3:37  Cyclone  
  36  3:42  SCV  
  36  3:45  Marine  
  36  3:47  SCV, Marine  
  40  3:54  SCV, Supply Depot  
  41  3:59  SCV  
  42  4:06  SCV  
  42  4:08  Viking  
  42  4:09  Marine  
  45  4:15  Marine  
  45  4:16  SCV, Supply Depot  
  48  4:18  SCV  
  48  4:22  Cyclone  
  52  4:28  SCV  
  53  4:33  Marine, Supply Depot  
  53  4:38  Marine  
  55  4:41  Viking  
  57  4:51  Marine  
  55  4:56  Marine  
  53  5:02  Cyclone  
  55  5:09  Marine  
  55  5:13  Marine  
  50  5:27  Marine  
  50  5:29  Bunker  
  50  5:30  Bunker  
  50  5:31  Marine  
Tags
 
Add a new tag
Caveats
  • Supply blocks, unpowered buildings, or Contaminate may cause inaccurate times.
  • Supply counts are checked every 10 seconds.